 Dungeon Crawl Stone Soup version 0.31-a0-344-gd109795599 (webtiles) character file.

Game seed: 3343403525955044145

2753 derpindaisy the Carver (level 9, -1/78 HPs)
             Began as a Minotaur Fighter on July 21, 2023.
             Was a Priest of Nemelex Xobeh.
             Slain by an orc priest
             ... wielding a +0 whip
              (2 damage)
             ... on level 8 of the Dungeon.
             The game lasted 00:19:31 (7472 turns).

derpindaisy the Carver (Minotaur Fighter)           Turns: 7472, Time: 00:19:32

Health: -1/78      AC:  8    Str: 22    XL:     9   Next: 41%
Magic:  12/12      EV: 13    Int:  5    God:    Nemelex Xobeh [***...]
Gold:   131        SH:  5    Dex: 15    Spells: 8/8 levels left

rFire   . . .        a - +0 long sword (flame)
rCold   + . .        c - +0 buckler
rNeg    + . .        o - +0 ring mail "Ceeshreri" {rC+ rN+ Dex+2}
rPois   .            (helmet restricted)
rElec   .            (no cloak)
rCorr   .            j - +0 pair of gloves
SInv    +            (no boots)
Will    .....        (no amulet)
Stlth   +            (no ring)
HPRegen 0.00/turn    (no ring)
MPRegen 0.13/turn

%: no passive effects
@: inhibited regen
A: horns 2, retaliatory headbutt, see invisible, inhibited regeneration
a: Renounce Religion, Draw Escape, Draw Destruction, Draw Summoning, Triple Draw


You were on level 8 of the Dungeon.
You worshipped Nemelex Xobeh.
Nemelex Xobeh was most pleased with you.
You visited 1 branch of the dungeon, and saw 8 of its levels.
You also visited: Ossuary.

You collected 410 gold pieces.
You spent 279 gold pieces at shops.

Inventory:

Hand Weapons
 a - a +0 long sword of flaming (weapon)
 y - a +2 dagger of electrocution
Armour
 c - a +0 buckler (worn)
 j - a +0 pair of gloves (worn)
 o - the +0 ring mail "Ceeshreri" (worn) {rC+ rN+ Dex+2}
   (You bought it in a shop on level 6 of the Dungeon)

   Dex:       It affects your dexterity (+2).
   rC:        It protects you from cold.
   rN:        It protects you from negative energy.
Jewellery
 q - a ring of fire
Wands
 h - a wand of acid (12)
 x - a wand of digging (14)
Scrolls
 b - a scroll of poison {unknown}
 e - 2 scrolls of summoning
 f - 2 scrolls of enchant armour
 g - 3 scrolls of identify
 k - 2 scrolls of immolation
 m - a scroll of vulnerability
 n - a scroll of acquirement
Potions
 d - a potion of cancellation
 i - a potion of attraction
 l - 3 potions of curing
 p - a potion of resistance


   Skills:
 + Level 6.7 Fighting
 + Level 8.6 Long Blades
 + Level 7.5 Armour
 + Level 4.8 Dodging
 + Level 1.0 Stealth
 + Level 5.5 Shields
 * Level 5.4 Invocations


You had 8 spell levels left.
You didn't know any spells.
Your spell library contained the following spells:

 Spells                   Type           Power      Damage    Failure   Level
 Sandblast                Erth           0%         2d4       67%         1
 Lesser Beckoning         Tloc           0%         N/A       82%         2
 Passwall                 Tmut/Erth      0%         N/A       82%         2
 Poisonous Vapours        Pois/Air       0%         N/A       82%         2
 Dazzling Flash           Conj/Hex       0%         N/A       96%         3
 Gell's Gravitas          Tloc           0%         N/A       96%         3
 Mephitic Cloud           Conj/Pois/Air  0%         N/A       96%         3
 Stone Arrow              Conj/Erth      0%         3d7       96%         3
 Teleport Other           Tloc           0%         N/A       96%         3
 Volatile Blastmotes      Fire/Tloc      0%         2d10      96%         3
 Animate Dead             Necr           0%         N/A       100%        4
 Freezing Cloud           Conj/Ice/Air   0%         6-21      100%        5
 Starburst                Conj/Fire      0%         6d3       100%        6
 Haunt                    Necr/Summ      0%         N/A       100%        7
 Infestation              Necr           0%         N/A       100%        8
 Maxwell's Capacitive Co  Air            0%         ∞         100%        8


Dungeon Overview and Level Annotations

Branches:
Dungeon (8/15)             Temple (0/1) D:6            Lair (0/5) D:8
Ossuary (visited)

Altars:
Gozag
Kikubaaqudgha
Nemelex Xobeh
Qazlal
Wu Jian

Shops:
D:6 [


Innate Abilities, Weirdness & Mutations

You have a pair of horns on your head.
You reflexively headbutt those who attack you in melee.
You have supernaturally acute eyesight. (SInv)
You do not regenerate when monsters are visible.


Message History

The warg bites you but does no damage.
The orc wizard suddenly complains.
The warg bites you!
* * * LOW HITPOINT WARNING * * *
Okay, then.
You draw a card...
You have drawn the Cloud.
Clouds appear around you!
The orc wizard hits you with a +0 dagger.
* * * LOW HITPOINT WARNING * * *
The orc hits you with a +0 club.
* * * LOW HITPOINT WARNING * * *
The warg bites you but does no damage.
Okay, then.
Okay, then.
Okay, then.
Okay, then.
Okay, then.
You draw a card...
You have drawn the Illusion.
Suddenly you stand beside yourself.
The orc wizard hits you but does no damage.
You block the orc's attack. The warg closely misses you.
You swap places.
A warg comes into view.
Found a staircase to the Lair.
The warg bites derpindaisy's illusion!
An orc priest comes into view. It is wielding a +0 whip.
The orc wizard misses you.
The orc hits derpindaisy's illusion but does no damage.
Derpindaisy's illusion hits the orc.
Derpindaisy's illusion burns the orc.
You slash the orc priest! You burn the orc priest.
Your headbutt misses the orc priest.
The orc priest is almost dead.
The warg bites derpindaisy's illusion!
The orc priest mumbles some strange prayers to Beogh against you.
Beogh smites you!
* * * LOW HITPOINT WARNING * * *
The orc closely misses derpindaisy's illusion.
You block the orc wizard's attack.
The warg bites derpindaisy's illusion!
Derpindaisy's illusion hits the warg.
Derpindaisy's illusion burns the warg.
The orc priest hits you with a +0 whip.
You die...
Your body glows with a rainbow of weird colours and disappears.

...... .P....#
....... .......
..>.... ##
...........#
..o.....o#.### #.o.h
#@§§.# #..o. #@o§.#
#..o. #ho§.######
#...###§§§......#
#....†.........#
#..............#
#..............#####
#...####......>....#
#... ###.###.......#


You could see a warg (ally target), an orc priest, 2 orc wizards, an orc and the
friendly derpindaisy's illusion (summoned).

Vanquished Creatures
  A wraith (Ossuary)
  A steam dragon (D:7)
  Menkaure (D:7)
  The ghost of LeprechaunX the Changeling, an amateur OpSh (D:3)
  A warg (D:8)
  A water moccasin (D:6)
  2 black bears
  An ice beast (D:7)
  An orc warrior (D:7)
  A sky beast (D:5)
  An ogre (D:5)
  A centaur (D:7)
  A bullfrog (D:8)
  2 scorpions
  5 wights (D:5)
  An electric eel (D:6)
  3 howler monkeys (D:7)
  6 orc priests
  2 bullfrog zombies (D:3)
  2 hounds
  2 jellies
  A centaur skeleton (D:3)
  5 orc wizards
  An iguana (D:6)
  A howler monkey zombie (D:3)
  A mummy (Ossuary)
  14 adders
  A shadow imp (D:6)
  A white imp (D:6)
  A dart slug (D:5)
  24 orcs
  4 ball pythons
  5 endoplasms
  6 giant cockroaches
  8 goblins
  5 hobgoblins
  3 jackals (D:1)
  2 quokkas
  7 bats
  A frilled lizard (D:1)
  6 gnoll skeletons (Ossuary)
  2 kobolds (D:4)
  6 kobold skeletons (Ossuary)
  13 orc skeletons (Ossuary)
  6 rats
161 creatures vanquished.

Notes
Turn   | Place    | Note
-------+----------+-------------------------------------------
     0 | D:1      | derpindaisy the Minotaur Fighter began the quest for the
                  | Orb.
     0 | D:1      | Reached XP level 1. HP: 19/19 MP: 0/0
   435 | D:1      | Reached XP level 2. HP: 22/27 MP: 1/1
  1045 | D:2      | Reached XP level 3. HP: 33/33 MP: 2/2
  1645 | D:2      | Reached skill level 3 in Long Blades
  1864 | D:3      | Found a sparkling altar of Nemelex Xobeh.
  1985 | D:3      | Reached XP level 4. HP: 33/40 MP: 3/3
  2174 | D:3      | Found a transporter.
  2196 | D:3      | Noticed LeprechaunX's ghost (amateur OpSh)
  2243 | D:3      | Found a transporter.
  2512 | D:3      | Became a worshipper of Nemelex Xobeh the Trickster
  2637 | D:4      | Found a sand-covered staircase.
  2644 | Ossuary  | Entered an ossuary
  2644 | Ossuary  | Noticed a wraith
  2644 | Ossuary  | Noticed a wraith
  2644 | Ossuary  | Noticed a wraith
  2661 | Ossuary  | Reached XP level 5. HP: 46/47 MP: 4/4
  2698 | Ossuary  | Noticed a wraith
  2711 | Ossuary  | Killed a wraith
  2712 | Ossuary  | Reached skill level 4 in Long Blades
  2712 | Ossuary  | Reached skill level 5 in Armour
  2712 | Ossuary  | Reached skill level 1 in Dodging
  2712 | Ossuary  | Reached skill level 1 in Invocations
  2712 | Ossuary  | Reached XP level 6. HP: 12/53 MP: 4/6
  3305 | D:4      | Reached * piety under Nemelex Xobeh
  3327 | D:4      | Found a stormy altar of Qazlal.
  3600 | D:3      | Killed LeprechaunX's ghost
  3601 | D:3      | Reached skill level 5 in Long Blades
  3609 | D:3      | Reached XP level 7. HP: 28/60 MP: 7/7
  3865 | D:5      | Entered Level 5 of the Dungeon
  3868 | D:5      | Reached skill level 5 in Fighting
  4103 | D:5      | Gained mutation: You do not regenerate when monsters are
                  | visible. [potion of mutation]
  4103 | D:5      | Gained mutation: You have supernaturally acute eyesight.
                  | (SInv) [potion of mutation]
  4281 | D:4      | Identified a scroll of acquirement
  4407 | D:5      | Reached skill level 6 in Long Blades
  4420 | D:5      | You fall into a shaft and drop 2 floors!
  4636 | D:7      | Reached XP level 8. HP: 65/66 MP: 9/9
  4642 | D:7      | Reached skill level 5 in Shields
  4864 | D:6      | Reached skill level 7 in Long Blades
  4867 | D:6      | Identified the +6 mace of Cuurah {heavy, rC- Str+4}
  4965 | D:5      | Found an ancient bone altar of Kikubaaqudgha.
  5113 | D:5      | Found an ornate altar of the Wu Jian Council.
  5115 | D:5      | Reached ** piety under Nemelex Xobeh
  5115 | D:5      | Received a gift from Nemelex Xobeh
  5299 | D:6      | Found a staircase to the Ecumenical Temple.
  5315 | D:6      | Found Kexeh's Antique Armour Emporium.
  5335 | D:6      | Bought a bloodstained ring mail for 279 gold pieces
  5335 | D:6      | Identified the +0 ring mail "Ceeshreri" {rC+ rN+ Dex+2}
                  | (You bought it in a shop on level 6 of the Dungeon)
  5904 | D:6      | Received a gift from Nemelex Xobeh
  6284 | D:6      | Reached XP level 9. HP: 67/77 MP: 11/11
  6572 | D:7      | Reached skill level 8 in Long Blades
  6798 | D:7      | Noticed Menkaure
  6811 | D:7      | Killed Menkaure
  6812 | D:7      | Reached skill level 5 in Invocations
  7087 | D:7      | Reached *** piety under Nemelex Xobeh
  7412 | D:8      | Found an opulent altar of Gozag.
  7460 | D:8      | Reached skill level 1 in Stealth
  7471 | D:8      | Found a staircase to the Lair.
  7472 | D:8      | HP: 1/78 [orc priest/divine providence (11)]
  7472 | D:8      | Slain by an orc priest

Illustrated notes

Levels and vault maps discovered:
D:1:      sevenhm_arrival_forest_fort_large_3, layout_loops_corners,
          minmay_box_of_dots
D:2:      layout_basic, minmay_misc_feat_iff
D:3:      layout_basic, general_overflow_altar, gammafunk_ghost_mausoleum
D:4:      layout_basic, lemuel_round_altar, enter_ossuary_5
D:5:      layout_rooms, lemuel_crystal_altar, nzn_wu_jian_contemplation,
          minivault_23
D:6:      layout_cave_pods, minmay_temple_entry_overgrown, serial_shops,
          nicolae_diamond_shop, nrook_pool_corridor
D:7:      layout_loops_ring, chequers_serial_rivers_micro_b, uniq_menkaure
D:8:      layout_basic, grunt_gozag_statues, erik_lair_orcish_takeover,
          uniq_grum, uniq_joseph

Skill      XL: |  1  2  3  4  5  6  7  8  9 |
---------------+----------------------------+-----
Armour         | 4 5 6 7 |  7.5
Fighting       | 4 5 6 |  6.7
Shields        | 4 5 |  5.5
Long Blades    | 3 4 5 6 7 8 |  8.6
Dodging        | 1 2 3 4 |  4.8
Invocations    | 1 2 3 4 5 |  5.4
Stealth        | 1 |  1.0

Action                     |  1- 3 |  4- 6 |  7- 9 || total
---------------------------+-------+-------+-------++-------
  Melee: Long sword        |    91 |   130 |   246 ||   467
         Headbutt          |    10 |    18 |    38 ||    66
 Invoke: Draw Escape       |       |       |     1 ||     1
         Draw Summoning    |       |       |     1 ||     1
    Use: Scroll            |     5 |     6 |    10 ||    21
         Potion            |     1 |     2 |    11 ||    14
 Armour: Scale mail        |    49 |    87 |    46 ||   182
         Skin              |       |    16 |    21 ||    37
         Ring mail         |       |       |    46 ||    46
  Dodge: Dodged            |    41 |    54 |   125 ||   220
  Block: Buckler           |    22 |    38 |    59 ||   119

Table legend: (Time is in decaauts)
 A = Elapsed time spent in this place.
 B = Non-inter-level travel time spent in this place.
 C = Inter-level travel time spent in this place.
 D = Time resting spent in this place.
 E = Time spent auto-exploring this place.
 F = Levels seen in this place.
 G = Mean time per level.
                   A        B        C        D        E       F      G
               +--------+--------+--------+--------+--------+-----+--------+
         Total |   7550 |   7232 |    318 |   1436 |   4468 |   9 |  838.9 |
       Dungeon |   7179 |   6861 |    318 |   1342 |   4330 |   8 |  897.4 |
       Ossuary |    371 |    371 |      0 |     94 |    138 |   1 |  371.0 |
               +--------+--------+--------+--------+--------+-----+--------+

Top non-repeatable levels by time:
     D:7: 1336 daAuts
     D:6: 1243 daAuts
     D:3: 1049 daAuts
     D:1: 1007 daAuts
     D:4: 962 daAuts
     D:2: 760 daAuts
     D:5: 709 daAuts
 Ossuary: 371 daAuts
     D:8: 110 daAuts
